Unix NetHack Version 3.7.0-97 Work-in-progress - last build Feb 8 2024 15:05:57 (6d6cdf8371b60126770a3d7b88910941cb14a054,branch:master). Game began 2024-02-21 13:43:01, ended 2024-02-21 13:48:08. elenmirie, neutral female gnomish Archeologist ----- ------------- |...| ------- |...........| |.!.-### |.....| |...........| --------- ----- #### ----+------ |......##f@|...........| |.......| # |.........| #-.....| F|.>.........| |.......| ##*#|.........| ###|......# |............# |.......| #|.........| # |.....|####-...........|######.)......| #..........-# #### -------# ----.--------# |....)..| -------+---)################# ## ----.---- # # # ## ### ## # # ## # # # ### ## # # # #---.-------- # ## # # #|...`......| # --|------- ----|------ ## #|..<.......| # |........| |{........| # #-..........| ##.........| |.........-## |..........| |........| |.....{...| ------------ ---------- ----------- Elenmirie the Field Worker St:12 Dx:11 Co:13 In:16 Wi:16 Ch:9 Neutral Dlvl:2 $:43 HP:0(26) Pw:11(11) AC:8 Xp:3/40 T:1022 Latest messages: Welcome to experience level 3. Coco eats a jackal corpse. $ - 2 gold pieces (43 in total). You find a hidden door. You swap places with Coco. The door opens. That door is closed. This door is locked. This door is locked. This door is locked. This door is locked. This door is locked. You swap places with Coco. Coco misses the gecko. Coco misses the gecko. Coco misses the gecko. The gecko bites! Coco misses the gecko. Coco bites the gecko. The gecko is killed! You see here a gecko corpse. Coco eats a gecko corpse. You find a hidden door. The door resists! The door resists! The door resists! The door resists! The door resists! The door opens. You hear the footsteps of a guard on patrol. You miss the brown mold. You are suddenly very cold! You miss the brown mold. You are suddenly very cold! You lash the brown mold. You are suddenly very cold! You miss the brown mold. You lash the brown mold. You are suddenly very cold! You miss the brown mold. You are suddenly very cold! You lash the brown mold. You lash the brown mold. You are suddenly very cold! You die... Do you want your possessions identified? [ynq] (y) y Do you want to see your attributes? [ynq] (y) y Do you want an account of creatures vanquished? [ynaq] (y) y Do you want to see your conduct and achievements? [ynq] (y) y Do you want to see the dungeon overview? [ynq] (y) y Inventory: Coins $ - 43 gold pieces Weapons a - an uncursed +2 bullwhip (weapon in right hand) Armor c - an uncursed +0 fedora (being worn) o - an uncursed +1 Hawaiian shirt with a parrot motif (being worn) b - an uncursed +0 leather jacket (being worn) Comestibles n - an uncursed ancient fruitcake m - an uncursed apple d - 3 uncursed food rations i - a cursed food ration Wands j - an uncursed wand of speed monster (0:3) Tools w - an uncursed sack containing 3 items l - an uncursed tin whistle t - an uncursed tinning kit (0:75) Gems/Stones g - an uncursed touchstone Contents of the sack: 25 gold pieces a blessed scroll of confuse monster an uncursed +0 pick-axe Elenmirie the Archeologist's attributes: Background: You were a Field Worker, a level 3 female gnomish Archeologist. You were neutral, nominally on a mission for Camaxtli who was opposed by Quetzalcoatl (lawful) and Huhetotl (chaotic). You were right-handed. You were in the Dungeons of Doom, on level 2. You entered the dungeon 1022 turns ago. You had 40 experience points, 40 more were needed to attain level 4. Basics: You had 0 out of 26 hit points. You had all 11 energy points (spell power). Your armor class was 8. Your wallet contained 43 zorkmids, and you had 25 more stashed away in your pack. Autopickup was on for '$' plus thrown. Final Characteristics: Your strength was 12 (limit:18/50). Your dexterity was 11 (limit:18). Your constitution was 13 (limit:18). Your intelligence was 16 (limit:19). Your wisdom was 16 (limit:18). Your charisma was 9 (limit:18). Final Status: You weren't hungry. You were unencumbered. You were wielding a whip. You had basic skill with whip. Final Attributes: You were fervently aligned. You had automatic searching. You had infravision. You are dead. Miscellaneous: You never encountered a bones level. Total elapsed playing time was 5 minutes and 4 seconds. Major events: Turn 1: elenmirie the neutral female gnomish Archeologist entered the dungeon 884: attained the rank of Field Worker (level 3) 1022: killed by a brown mold Vanquished creatures: a gas spore a hobbit 2 geckos 6 jackals a fox a goblin 9 grid bugs 5 lichens 4 newts 30 creatures vanquished. No species were genocided or became extinct. Voluntary challenges: You were an atheist. You were illiterate. You never engraved Elbereth. You never genocided any monsters. You never polymorphed an object. You never changed form. You used no wishes. Achievements: You entered a shop. You attained the rank of Field Worker. The Dungeons of Doom: levels 1 to 2 Level 1: A fountain. Level 2: <- You were here. A fountain, a sink. Final resting place for you, killed by a brown mold. Game over: ---------- / \ / REST \ / IN \ / PEACE \ / \ | elenmirie | | 68 Au | | killed by a | | brown mold | | | | | | 2024 | *| * * * | * _________)/\\_//(\/(/\)/\//\/|_)_______ Goodbye elenmirie the Archeologist... You died in The Dungeons of Doom on dungeon level 2 with 272 points, and 68 pieces of gold, after 1022 moves. You were level 3 with a maximum of 26 hit points when you died.